[Event "European Online Club-ch-D 2021"]
[Site "Online"]
[Date "2021.03.27"]
[Round "8.6"]
[White "Kvetny, Mark"]
[Black "McShane, Luke J"]
[Result "1/2-1/2"]
[ECO "A48"]
[WhiteElo "2416"]
[BlackElo "2674"]
[Annotator "ChessBase"]
[PlyCount "124"]
[EventDate "2021.03.27"]
[EventType "team-tourn"]
[EventCountry "NET"]
[SourceTitle "playchess.com"]
[Source "ChessBase"]
[SourceQuality "1"]
[TimeControl "900+5"]

1. Nf3 g6 2. d4 Nf6 3. c3 Bg7 4. Bg5 d6 5. Nbd2 O-O 6. e4 Qe8 7. Bc4 e5 8. dxe5 dxe5 9. O-O Nbd7 10. b4 h6 11. Bh4 Nh5 12. Bg3 Nxg3 13. hxg3 Nf6 14. a4 a5 15. Qb3 Ng4 16. Rfe1 Bf6 17. Nf1 Kg7 18. Ne3 h5 19. b5 Qe7 20. Rad1 Rb8 21. Re2 b6 22. Nd5 Qc5 23. Ne1 h4 24. Nd3 Qd6 25. gxh4 Bxh4 26. g3 Bd8 27. f3 Nf6 28. Rdd2 Nxd5 29. Bxd5 Qf6 30. Ne1 Be7 31. Rh2 Bc5+ 32. Kf1 Qe7 33. Nd3 Bd7 34. Nxc5 Qxc5 35. Qc4 Qxc4+ 36. Bxc4 Rbd8 37. Ke1 Bc8 38. Rxd8 Rxd8 39. Bd5 Kf6 40. Kf2 Be6 41. c4 Kg7 42. Ke3 g5 43. f4 gxf4+ 44. gxf4 exf4+ 45. Kxf4 Bc8 46. Rg2+ Kf8 47. Ke5 Ke7 48. Rg7 Rf8 49. Rh7 Bg4 50. Kf4 Bd1 51. e5 Bxa4 52. e6 Bc2 53. Rg7 a4 54. exf7 a3 55. c5 bxc5 56. Rg3 Rd8 57. Re3+ Kf8 58. Ba2 Bd3 59. Rg3 Ke7 60. Re3+ Kf8 61. Rg3 Ke7 62. Re3+ Kf8 1/2-1/2

[Event "European Online Club-ch-D 2021"]
[Site "Online"]
[Date "2021.03.27"]
[Round "8.7"]
[White "Jones, Gawain C B"]
[Black "Hoffmann, Hendrik"]
[Result "1-0"]
[ECO "B07"]
[WhiteElo "2670"]
[BlackElo "2242"]
[Annotator "ChessBase"]
[PlyCount "153"]
[EventDate "2021.03.27"]
[EventType "team-tourn"]
[EventCountry "NET"]
[SourceTitle "playchess.com"]
[Source "ChessBase"]
[SourceQuality "1"]
[TimeControl "900+5"]

1. e4 d6 2. d4 Nf6 3. Nc3 c6 4. f4 Qa5 5. Bd3 e5 6. Nf3 Bg4 7. dxe5 dxe5 8. h3 Bxf3 9. Qxf3 exf4 10. Bxf4 Nbd7 11. O-O-O Ne5 12. Bxe5 Qxe5 13. Kb1 Bb4 14. Ne2 O-O 15. g4 a5 16. h4 Nd7 17. c3 Bc5 18. Bc2 Qe7 19. e5 Nxe5 20. Qe4 Ng6 21. Qg2 Rad8 22. Ng3 Rxd1+ 23. Rxd1 Rd8 24. Rxd8+ Qxd8 25. h5 Qe7 26. Qd2 Nf8 27. Nf5 Qe5 28. a3 g6 29. Nd4 Bxd4 30. cxd4 Qd6 31. Qxa5 Qxd4 32. Qc7 Qd7 33. Qb8 h6 34. hxg6 fxg6 35. Bb3+ Kg7 36. Qe5+ Kh7 37. a4 Qg7 38. Qd6 Nd7 39. g5 hxg5 40. Qh2+ Qh6 41. Qc7 Qg7 42. Qxb7 Nc5 43. Qb4 Qe5 44. Bc2 Kh6 45. a5 Na6 46. Qf8+ Kh5 47. Qf3+ g4 48. Qh1+ Kg5 49. Qc1+ Qf4 50. Qe1 Nb4 51. Qe7+ Kh5 52. Qh7+ Kg5 53. Qxg6+ Kh4 54. Qh7+ Kg3 55. Bd1 Qe5 56. a6 Qa5 57. a7 Qa2+ 58. Kc1 Qa1+ 59. Kd2 Qxb2+ 60. Bc2 Qd4+ 61. Bd3 Qb2+ 62. Bc2 Qd4+ 63. Ke2 Qf2+ 64. Kd1 Qd4+ 65. Bd3 Qa1+ 66. Ke2 Qb2+ 67. Bc2 Nxc2 68. Qd3+ Kh4 69. a8=Q Nb4+ 70. Qd2 Qe5+ 71. Kd1 Nd5 72. Qa3 Nf4 73. Qac3 Qe8 74. Qf6+ Kg3 75. Qdxf4+ Kg2 76. Qf2+ Kh1 77. Q6h4# 1-0

[Event "European Online Club-ch-D 2021"]
[Site "Online"]
[Date "2021.03.27"]
[Round "8.8"]
[White "Kelmendi, Bajrush"]
[Black "Cheparinov, Ivan"]
[Result "0-1"]
[ECO "B20"]
[WhiteElo "1951"]
[BlackElo "2667"]
[Annotator "ChessBase"]
[PlyCount "96"]
[EventDate "2021.03.27"]
[EventType "team-tourn"]
[EventCountry "NET"]
[SourceTitle "playchess.com"]
[Source "ChessBase"]
[SourceQuality "1"]
[TimeControl "900+5"]

1. c4 c5 2. Nc3 Nc6 3. e4 g6 4. d3 Bg7 5. Be2 d6 6. g4 Nd4 7. h4 h5 8. g5 e6 9. f4 Ne7 10. Nf3 Nec6 11. Be3 b6 12. Qd2 Rb8 13. a4 a6 14. Bd1 O-O 15. Bxd4 Nxd4 16. Nxd4 Bxd4 17. Ne2 Bg7 18. Rb1 b5 19. axb5 axb5 20. b3 bxc4 21. dxc4 Bb7 22. Bc2 d5 23. cxd5 exd5 24. e5 d4 25. O-O Qd5 26. Ng3 d3 27. Bxd3 Ba6 28. Rbd1 Rfd8 29. Bxa6 Qxd2 30. Rxd2 Rxd2 31. Bc4 Rbd8 32. Rf2 Bf8 33. Rxd2 Rxd2 34. Ne4 Rd4 35. Nf6+ Kg7 36. Ne8+ Kh8 37. Bxf7 Rxf4 38. Bxg6 Rxh4 39. Nf6 Rh3 40. Bf7 Rg3+ 41. Kf2 Rxg5 42. Nd7 Rf5+ 43. Ke3 Rxf7 44. e6 Rxd7 45. exd7 Be7 46. Ke4 h4 47. Kf4 Kg7 48. Kg4 Kf7 0-1

[Event "European Online Club-ch-D 2021"]
[Site "Online"]
[Date "2021.03.27"]
[Round "8.10"]
[White "Nandhidhaa, P V"]
[Black "Lagarde, Maxime"]
[Result "0-1"]
[ECO "B45"]
[WhiteElo "2365"]
[BlackElo "2640"]
[Annotator "ChessBase"]
[PlyCount "46"]
[EventDate "2021.03.27"]
[EventType "team-tourn"]
[EventCountry "NET"]
[SourceTitle "playchess.com"]
[Source "ChessBase"]
[SourceQuality "1"]
[TimeControl "900+5"]

1. e4 c5 2. Nf3 e6 3. d4 cxd4 4. Nxd4 Nf6 5. Nc3 Nc6 6. Nxc6 bxc6 7. e5 Nd5 8. Ne4 Qc7 9. f4 Qb6 10. Qe2 f5 11. exf6 Nxf6 12. Nxf6+ gxf6 13. Qh5+ Kd8 14. Bd2 Qxb2 15. Ba5+ Ke7 16. Rd1 d5 17. Be2 Qxc2 18. Bb4+ Kd8 19. Bxf8 Rxf8 20. Qh6 Ke7 21. Bh5 Qxg2 22. Qxh7+ Kd6 23. Rf1 Ba6 0-1

[Event "European Online Club-ch-D 2021"]
[Site "Online"]
[Date "2021.03.27"]
[Round "8.11"]
[White "Maurizzi, Marc Andria"]
[Black "Dauletova, Gulmira"]
[Result "1-0"]
[ECO "C77"]
[WhiteElo "2461"]
[BlackElo "2285"]
[Annotator "ChessBase"]
[PlyCount "93"]
[EventDate "2021.03.27"]
[EventType "team-tourn"]
[EventCountry "NET"]
[SourceTitle "playchess.com"]
[Source "ChessBase"]
[SourceQuality "1"]
[TimeControl "900+5"]

1. e4 e5 2. Nf3 Nc6 3. Bb5 a6 4. Ba4 Nf6 5. Nc3 b5 6. Bb3 Be7 7. a4 b4 8. Nd5 O-O 9. Nxf6+ Bxf6 10. Bd5 Bb7 11. d3 Na5 12. Bxb7 Nxb7 13. b3 c5 14. Bb2 Re8 15. Qe2 d5 16. O-O-O Na5 17. Kb1 Nc6 18. g4 Nd4 19. Qe3 Nxf3 20. Qxf3 d4 21. Rdg1 Re6 22. Qf5 Bg5 23. h4 Bf4 24. g5 Rb8 25. h5 Qe8 26. Rh4 Bd2 27. Rd1 Bf4 28. Rg1 Bd2 29. Rhg4 Rbb6 30. Bc1 Bxc1 31. Kxc1 Rbc6 32. R1g3 Rc7 33. Rh4 Rcc6 34. f4 exf4 35. Rxf4 Re5 36. Qg4 Rce6 37. Rgf3 Re7 38. Rf5 Qb8 39. h6 g6 40. Rf6 R5e6 41. Rxf7 Rxe4 42. Rf8+ Qxf8 43. Rxf8+ Kxf8 44. dxe4 Kf7 45. Kd2 Re5 46. Qf4+ Ke6 47. Qf6+ 1-0

[Event "European Online Club-ch-D 2021"]
[Site "Online"]
[Date "2021.03.27"]
[Round "8.12"]
[White "Muminova, Nafisa"]
[Black "Guliyev, Namig"]
[Result "0-1"]
[ECO "D00"]
[WhiteElo "2274"]
[BlackElo "2538"]
[Annotator "ChessBase"]
[PlyCount "84"]
[EventDate "2021.03.27"]
[EventType "team-tourn"]
[EventCountry "NET"]
[SourceTitle "playchess.com"]
[Source "ChessBase"]
[SourceQuality "1"]
[TimeControl "900+5"]

1. d4 d5 2. Nc3 Nf6 3. Bf4 a6 4. e3 b5 5. Nf3 Bb7 6. Ne5 e6 7. g4 Bb4 8. Bg2 Ne4 9. O-O Nxc3 10. bxc3 Bxc3 11. Rb1 Nd7 12. g5 Nxe5 13. dxe5 c5 14. Qg4 Qc7 15. Qg3 O-O 16. Rfd1 b4 17. h4 Rad8 18. h5 d4 19. e4 c4 20. h6 g6 21. Qf3 a5 22. Bg3 Qe7 23. Qf4 Rd7 24. Bf1 Ba6 25. f3 d3 26. cxd3 cxd3 27. Kh2 Bc4 28. Rbc1 d2 29. Bxc4 dxc1=Q 30. Qxc1 Rxd1 31. Qxd1 Qxg5 32. f4 Rd8 33. Qf3 Qxh6+ 34. Kg1 Qf8 35. Bf2 Bd4 36. f5 gxf5 37. exf5 Bxf2+ 38. Qxf2 Qg7+ 39. Kf1 Rd1+ 40. Ke2 Qg4+ 41. Ke3 exf5 42. e6 Qe4# 0-1

[Event "European Online Club-ch-D 2021"]
[Site "Online"]
[Date "2021.03.27"]
[Round "8.13"]
[White "Lupulescu, Constantin"]
[Black "Roubalik, Jakub"]
[Result "1-0"]
[ECO "A13"]
[WhiteElo "2656"]
[BlackElo "2391"]
[Annotator "ChessBase"]
[PlyCount "143"]
[EventDate "2021.03.27"]
[EventType "team-tourn"]
[EventCountry "NET"]
[SourceTitle "playchess.com"]
[Source "ChessBase"]
[SourceQuality "1"]
[TimeControl "900+5"]

1. Nf3 d5 2. e3 Nf6 3. c4 e6 4. b3 Be7 5. Bb2 a5 6. Nc3 c6 7. d4 O-O 8. Bd3 c5 9. cxd5 exd5 10. O-O Bg4 11. dxc5 Bxc5 12. Rc1 Be7 13. h3 Bh5 14. Be2 Nc6 15. Nd4 Bxe2 16. Ncxe2 Qd7 17. Ng3 Nxd4 18. Qxd4 Rfc8 19. Qf4 Qe6 20. Nf5 Bd8 21. Rfd1 g6 22. Nh6+ Kg7 23. Ng4 h5 24. Nxf6 Bxf6 25. Bxf6+ Qxf6 26. Qxf6+ Kxf6 27. Rxc8 Rxc8 28. Rxd5 Rc1+ 29. Kh2 a4 30. Ra5 Rc2 31. Rxa4 Rxf2 32. Kg3 Rb2 33. h4 Ke6 34. Kf3 Kd6 35. Rf4 Ke6 36. Ra4 Kd6 37. Ra8 b5 38. g3 Rb1 39. Ra7 Ke6 40. Ra5 Rb2 41. Ke4 Rg2 42. Ra6+ Ke7 43. Kf3 Rb2 44. e4 Rc2 45. b4 Rc4 46. a3 Kd7 47. Kf4 Ke7 48. Ke5 Rc3 49. Ra7+ Kf8 50. Kf4 Ke8 51. e5 Kf8 52. e6 fxe6 53. Ke5 Rxg3 54. Kf6 Ke8 55. Kxe6 Kd8 56. Ra5 Rg4 57. Rxb5 Rxh4 58. a4 Re4+ 59. Kd6 Rd4+ 60. Kc5 Rg4 61. Kd6 Rd4+ 62. Ke5 Rd1 63. a5 h4 64. a6 Kc7 65. Rb7+ Kc8 66. b5 h3 67. Rh7 Rb1 68. Kd6 Rd1+ 69. Kc6 Rc1+ 70. Kb6 Rc3 71. a7 Ra3 72. Rxh3 1-0

[Event "European Online Club-ch-D 2021"]
[Site "Online"]
[Date "2021.03.27"]
[Round "8.14"]
[White "Vymazal, Bronislav"]
[Black "Parligras, Mircea-Emilian"]
[Result "1/2-1/2"]
[ECO "C65"]
[WhiteElo "2350"]
[BlackElo "2591"]
[Annotator "ChessBase"]
[PlyCount "83"]
[EventDate "2021.03.27"]
[EventType "team-tourn"]
[EventCountry "NET"]
[SourceTitle "playchess.com"]
[Source "ChessBase"]
[SourceQuality "1"]
[TimeControl "900+5"]

1. e4 e5 2. Nf3 Nc6 3. Bb5 Nf6 4. d3 Bc5 5. Bxc6 dxc6 6. Nbd2 Be6 7. Qe2 Nd7 8. Nc4 f6 9. Be3 Qe7 10. O-O O-O 11. d4 exd4 12. Nxd4 Bxd4 13. Bxd4 Qb4 14. b3 c5 15. Be3 Bxc4 16. Qxc4+ Qxc4 17. bxc4 Rae8 18. Rad1 Rf7 19. Rd5 c6 20. Rd3 Rxe4 21. Rfd1 Ree7 22. Ra3 a6 23. Rb1 Ne5 24. Bxc5 Re8 25. Rc3 Rd7 26. h3 Kf7 27. Be3 b5 28. cxb5 axb5 29. Rc5 Ra8 30. Bf4 Ng6 31. Be3 Ne7 32. Rb2 Rd1+ 33. Kh2 Ra1 34. c4 bxc4 35. Rb7 R1xa2 36. Rxc6 Rb2 37. Rd7 Rd8 38. Ra7 Ra2 39. Rb7 Rb2 40. Ra7 Ra2 41. Rb7 Rb2 42. Ra7 1/2-1/2

[Event "European Online Club-ch-D 2021"]
[Site "Online"]
[Date "2021.03.27"]
[Round "8.15"]
[White "Dolana, Andrei-Theodor"]
[Black "Kusa, Jakub"]
[Result "1-0"]
[ECO "A11"]
[WhiteElo "2359"]
[BlackElo "2336"]
[Annotator "NA"]
[PlyCount "67"]
[EventDate "2021.03.27"]
[EventType "team-tourn"]
[EventCountry "NET"]
[SourceTitle "playchess.com"]
[Source "ChessBase"]
[SourceQuality "1"]
[TimeControl "900+5"]

1. Nf3 Nf6 2. g3 g6 3. b3 Bg7 4. Bb2 O-O 5. Bg2 d5 6. c4 c6 7. O-O Bg4 8. d3 Bxf3 9. Bxf3 e6 10. Nd2 Nbd7 11. b4 a5 12. a3 axb4 13. axb4 Qb6 14. Qb3 Rfd8 15. Bc3 Ne8 16. Bg2 Bxc3 17. Qxc3 Ng7 18. Nb3 Nf5 19. e4 Ne7 20. exd5 cxd5 21. c5 Qc7 22. d4 b6 23. b5 bxc5 24. dxc5 Rab8 25. Ra5 Rdc8 26. Rc1 Nf5 27. Qa1 Qe5 28. Qa3 Nd4 29. Nxd4 Qxd4 30. b6 Ne5 31. Bf1 Nf3+ 32. Qxf3 Rxb6 33. cxb6 Rxc1 34. b7 1-0

[Event "European Online Club-ch-D 2021"]
[Site "Online"]
[Date "2021.03.27"]
[Round "8.16"]
[White "Zeman, Matyas"]
[Black "Gavrilescu, David"]
[Result "1/2-1/2"]
[ECO "B13"]
[WhiteElo "2261"]
[BlackElo "2476"]
[Annotator "ChessBase"]
[PlyCount "140"]
[EventDate "2021.03.27"]
[EventType "team-tourn"]
[EventCountry "NET"]
[SourceTitle "playchess.com"]
[Source "ChessBase"]
[SourceQuality "1"]
[TimeControl "900+5"]

1. d4 d5 2. Bf4 c5 3. e3 cxd4 4. exd4 Nc6 5. c3 Bf5 6. Nd2 e6 7. Ngf3 Bd6 8. Bxd6 Qxd6 9. Be2 h6 10. O-O Nf6 11. Re1 O-O 12. Nb3 Rab8 13. a4 Ne4 14. Nfd2 Nf6 15. Nf3 Rfc8 16. h3 b6 17. Ba6 Rc7 18. Ne5 Ne4 19. Nxc6 Rxc6 20. Nc1 Qf4 21. Nd3 Qh4 22. Qf3 f6 23. Qf4 Qxf4 24. Nxf4 g5 25. Nd3 h5 26. Bb5 Rd6 27. Rad1 h4 28. Nb4 Kf7 29. Bd3 Rg8 30. f3 Ng3 31. Bxf5 Nxf5 32. Nd3 a5 33. Kf2 Rb8 34. Ra1 Rc6 35. Ra3 Nd6 36. Rb3 Nc4 37. Re2 Re8 38. Rb5 Rd6 39. Ke1 e5 40. dxe5 fxe5 41. Nf2 Kg6 42. Ng4 e4 43. fxe4 dxe4 44. b3 Na3 45. Re5 Rxe5 46. Nxe5+ Kf5 47. Ng4 Rd3 48. Rf2+ Ke6 49. Rf6+ Ke7 50. Rxb6 Rxc3 51. Ne5 Rc5 52. Ng4 Nc2+ 53. Kd2 Nb4 54. Rg6 Nd5 55. Rxg5 Ke6 56. Re5+ Kd6 57. Rxe4 Rc3 58. Rd4 Rxb3 59. Ne3 Rxe3 60. Rxd5+ Kxd5 61. Kxe3 Ke5 62. Kf3 Kf5 63. g4+ hxg3 64. Kxg3 Kg5 65. Kf3 Kh4 66. Ke4 Kxh3 67. Kd5 Kg4 68. Kc5 Kf5 69. Kb5 Ke6 70. Kxa5 Kd7 1/2-1/2

[Event "European Online Club-ch-D 2021"]
[Site "Online"]
[Date "2021.03.27"]
[Round "8.17"]
[White "Bauer, Christian"]
[Black "Gadimbayli, Abdulla"]
[Result "0-1"]
[ECO "A04"]
[WhiteElo "2639"]
[BlackElo "2470"]
[Annotator "ChessBase"]
[PlyCount "148"]
[EventDate "2021.03.27"]
[EventType "team-tourn"]
[EventCountry "NET"]
[SourceTitle "playchess.com"]
[Source "ChessBase"]
[SourceQuality "1"]
[TimeControl "900+5"]

1. e4 e6 2. Qe2 c5 3. Nf3 Nc6 4. d3 g6 5. g3 Bg7 6. Bg2 Nf6 7. O-O d5 8. c3 O-O 9. e5 Nd7 10. d4 b6 11. Na3 cxd4 12. cxd4 Nb4 13. Bg5 Qe8 14. Qd2 a5 15. Nb5 Nxe5 16. Nc7 Qc6 17. Nxa8 Nxf3+ 18. Bxf3 Qxa8 19. Be7 Nc6 20. Bxf8 Nxd4 21. Bg2 Kxf8 22. Rfd1 Ba6 23. Qe3 e5 24. Rxd4 exd4 25. Qa3+ Kg8 26. Qd6 d3 27. Bxd5 Qc8 28. Rd1 Qg4 29. Rd2 Bh6 30. f4 Qc8 31. Kg2 Qc1 32. Rf2 Qc5 33. Qd7 Qf8 34. Rd2 Bg7 35. Be4 Qb4 36. Qe8+ Bf8 37. Rf2 Qd4 38. Qe5 Qxe5 39. fxe5 Bc5 40. Rd2 Be3 41. Rd1 d2 42. Kf3 Bh6 43. h4 Kf8 44. g4 Ke7 45. g5 Bg7 46. Rxd2 Bxe5 47. Bc6 Bc8 48. Bd5 f6 49. Bg8 Bb7+ 50. Kf2 fxg5 51. hxg5 Bf4 52. Re2+ Kf8 53. Bxh7 Kf7 54. Rc2 Kg7 55. Rc4 Bd6 56. Rh4 Be7 57. Bxg6 Kxg6 58. Rh6+ Kxg5 59. Rh7 Bc5+ 60. Ke2 Be4 61. Rd7 Kf4 62. a3 Ke5 63. Rd8 Bd4 64. b4 a4 65. Kd2 Bb2 66. Rb8 Bxa3 67. Kc3 Bc1 68. Rxb6 a3 69. Ra6 Bb2+ 70. Kb3 Bd5+ 71. Kc2 Kd4 72. Kb1 Kc3 73. b5 a2+ 74. Rxa2 Be4# 0-1

[Event "European Online Club-ch-D 2021"]
[Site "Online"]
[Date "2021.03.27"]
[Round "8.18"]
[White "Babazada, Khazar"]
[Black "Pelletier, Yannick"]
[Result "1-0"]
[ECO "B19"]
[WhiteElo "2409"]
[BlackElo "2581"]
[Annotator "ChessBase"]
[PlyCount "97"]
[EventDate "2021.03.27"]
[EventType "team-tourn"]
[EventCountry "NET"]
[SourceTitle "playchess.com"]
[Source "ChessBase"]
[SourceQuality "1"]
[TimeControl "900+5"]

1. e4 c6 2. d4 d5 3. Nc3 dxe4 4. Nxe4 Bf5 5. Ng3 Bg6 6. Nf3 Nd7 7. h4 h6 8. h5 Bh7 9. Bd3 Bxd3 10. Qxd3 e6 11. Bd2 Ngf6 12. O-O-O Be7 13. Ne4 Nxe4 14. Qxe4 Nf6 15. Qe2 Qd5 16. c4 Qe4 17. Qxe4 Nxe4 18. Be1 Bf6 19. Ne5 c5 20. f3 cxd4 21. Ng4 Bg5+ 22. Kc2 Nf6 23. Rxd4 Nxg4 24. Rxg4 O-O-O 25. Bc3 f5 26. Rxg5 hxg5 27. Bxg7 Rh7 28. h6 Rd7 29. Re1 Rc7 30. Rxe6 Rxc4+ 31. Kd3 Ra4 32. Rf6 g4 33. Ke3 gxf3 34. Kxf3 Rh4 35. Rxf5 R4xh6 36. Bxh6 Rxh6 37. g4 Rh7 38. Rd5 Kc7 39. g5 Rh1 40. Rd2 Rg1 41. Rg2 Rf1+ 42. Ke4 Kd6 43. g6 Re1+ 44. Kf5 Rf1+ 45. Kg5 Ke7 46. Rg4 Rh1 47. Rh4 Rg1+ 48. Kh6 Kf8 49. Kh7 1-0

[Event "European Online Club-ch-D 2021"]
[Site "Online"]
[Date "2021.03.27"]
[Round "8.19"]
[White "Petkidis, Anthony"]
[Black "Samadov, Read"]
[Result "0-1"]
[ECO "B94"]
[WhiteElo "2401"]
[BlackElo "2332"]
[Annotator "NA"]
[PlyCount "58"]
[EventDate "2021.03.27"]
[EventType "team-tourn"]
[EventCountry "NET"]
[SourceTitle "playchess.com"]
[Source "ChessBase"]
[SourceQuality "1"]
[TimeControl "900+5"]

1. e4 c5 2. Nf3 d6 3. d4 cxd4 4. Nxd4 Nf6 5. Nc3 a6 6. Bg5 Nbd7 7. f4 g6 8. Qe2 e5 9. fxe5 Nxe5 10. O-O-O Bg7 11. Nf3 Qa5 12. Bf4 Nh5 13. Bd2 O-O 14. Kb1 Qd8 15. Nxe5 Bxe5 16. g4 Nf6 17. h3 Be6 18. Qf3 Rc8 19. Be2 Qb6 20. Ka1 Qc6 21. Bd3 b5 22. g5 b4 23. Ne2 Qa4 24. Nc1 Rxc2 25. Bxc2 Qxc2 26. Nd3 Qc4 27. Nc1 Nxe4 28. Be1 Qc2 29. Nd3 Nxg5 0-1

[Event "European Online Club-ch-D 2021"]
[Site "Online"]
[Date "2021.03.27"]
[Round "8.20"]
[White "Azadaliyev, Jahandar"]
[Black "Fischer, Daniel"]
[Result "0-1"]
[ECO "E46"]
[WhiteElo "1883"]
[BlackElo "2276"]
[Annotator "NA"]
[PlyCount "58"]
[EventDate "2021.03.27"]
[EventType "team-tourn"]
[EventCountry "NET"]
[SourceTitle "playchess.com"]
[Source "ChessBase"]
[SourceQuality "1"]
[TimeControl "900+5"]

1. d4 Nf6 2. c4 e6 3. Nc3 Bb4 4. e3 O-O 5. Nge2 Re8 6. a3 Bf8 7. Ng3 d5 8. Qc2 b6 9. Bd3 Bb7 10. O-O c5 11. Rd1 Nbd7 12. cxd5 exd5 13. dxc5 bxc5 14. b3 Rc8 15. Bb2 d4 16. Nce4 Nxe4 17. Bxe4 Bxe4 18. Nxe4 Qe7 19. Ng3 dxe3 20. fxe3 Qxe3+ 21. Kh1 Ne5 22. Nf5 Qg5 23. Rd5 Ng4 24. Rf1 Qf4 25. Ng3 Qh6 26. Rh5 Qg6 27. Qc3 Re3 28. Qc4 Rxg3 29. Rg5 Nf2+ 0-1

[Event "European Online Club-ch-D 2021"]
[Site "Online"]
[Date "2021.03.27"]
[Round "9.1"]
[White "Gadimbayli, Abdulla"]
[Black "Eren, Ataberk"]
[Result "1-0"]
[ECO "C47"]
[WhiteElo "2470"]
[BlackElo "2306"]
[Annotator "ChessBase"]
[PlyCount "71"]
[EventDate "2021.03.27"]
[EventType "team-tourn"]
[EventCountry "NET"]
[SourceTitle "playchess.com"]
[Source "ChessBase"]
[SourceQuality "1"]
[TimeControl "900+5"]

1. e4 e5 2. Nf3 Nc6 3. Nc3 Nf6 4. d4 exd4 5. Nxd4 Bb4 6. Nxc6 bxc6 7. Bd3 d5 8. exd5 cxd5 9. O-O O-O 10. Bg5 c6 11. Qf3 h6 12. Bxf6 Qxf6 13. Qxf6 gxf6 14. Ne2 Re8 15. Ng3 Re5 16. f4 Re3 17. Kh1 a5 18. Nh5 Rb8 19. Nxf6+ Kf8 20. f5 Bc5 21. Ng4 Re8 22. b3 Bd4 23. Rad1 h5 24. Nf2 Bc3 25. Nh3 Kg7 26. Rf3 Bd7 27. Nf4 Kh6 28. Rh3 Kg5 29. Nxh5 Rh8 30. Rg3+ Kh4 31. Be2 Be5 32. Rd4+ Bxd4 33. Rg4+ Kxh5 34. Rg6+ Kh4 35. g3+ Kh3 36. Bf1# 1-0

[Event "European Online Club-ch-D 2021"]
[Site "Online"]
[Date "2021.03.27"]
[Round "9.2"]
[White "Ozkan, Ervin"]
[Black "Babazada, Khazar"]
[Result "1/2-1/2"]
[ECO "A48"]
[WhiteElo "2147"]
[BlackElo "2409"]
[Annotator "NA"]
[PlyCount "81"]
[EventDate "2021.03.27"]
[EventType "team-tourn"]
[EventCountry "NET"]
[SourceTitle "playchess.com"]
[Source "ChessBase"]
[SourceQuality "1"]
[TimeControl "900+5"]

1. d4 Nf6 2. Nf3 g6 3. Bf4 Bg7 4. e3 d6 5. h3 O-O 6. Be2 b6 7. O-O Bb7 8. Nbd2 Nbd7 9. c3 Re8 10. Bh2 e5 11. a4 a5 12. Qc2 Qe7 13. Rfd1 e4 14. Ne1 h5 15. Nc4 Nf8 16. Na3 Ne6 17. Nb5 g5 18. c4 g4 19. hxg4 Nxg4 20. Bxg4 hxg4 21. c5 bxc5 22. dxc5 dxc5 23. Qe2 f5 24. Nc2 Red8 25. Nca3 Rd3 26. Rxd3 exd3 27. Qxd3 Bxb2 28. Ra2 Rd8 29. Qe2 Bg7 30. Rd2 Rxd2 31. Qxd2 Ng5 32. Qd3 Be4 33. Qc4+ Kh7 34. Bxc7 Qd7 35. Bd6 Qe8 36. Nc7 Qh5 37. Ne6 Nxe6 38. Qxe6 g3 39. Bxg3 Qd1+ 40. Kh2 Qh5+ 41. Kg1 1/2-1/2

[Event "European Online Club-ch-D 2021"]
[Site "Online"]
[Date "2021.03.27"]
[Round "9.3"]
[White "Eynullayev, Atilla"]
[Black "Korkmaz, Necmettin"]
[Result "0-1"]
[ECO "B01"]
[WhiteElo "2347"]
[BlackElo "2101"]
[Annotator "NA"]
[PlyCount "84"]
[EventDate "2021.03.27"]
[EventType "team-tourn"]
[EventCountry "NET"]
[SourceTitle "playchess.com"]
[Source "ChessBase"]
[SourceQuality "1"]
[TimeControl "900+5"]

1. e4 d5 2. exd5 Nf6 3. Nf3 Bg4 4. h3 Bxf3 5. Qxf3 Qxd5 6. Qxd5 Nxd5 7. a3 e5 8. b3 a6 9. Bb2 Nc6 10. g3 Nd4 11. Kd1 O-O-O 12. Bg2 Bc5 13. Re1 Rhe8 14. d3 f5 15. Nd2 Nc6 16. Re2 Nd4 17. Re1 Nc6 18. c4 Nf6 19. Bxc6 bxc6 20. Rxe5 Bxf2 21. Rxf5 Bxg3 22. Rf3 Bh4 23. Kc2 Re2 24. Rg1 Ne4 25. Bc1 Bg5 26. Rd1 Nf2 27. Rf1 Bxd2 28. Bxd2 Ne4 29. Rd1 Ng5 30. Re3 Rh2 31. Rg1 h6 32. Kc3 Rd7 33. Be1 Nxh3 34. Rg6 Kb7 35. Bg3 Ra2 36. Bxc7 Nf2 37. Reg3 c5 38. b4 Rxa3+ 39. Kb2 cxb4 40. Rxg7 Nxd3+ 41. Kc2 Rc3+ 42. Kb1 Kxc7 0-1

[Event "European Online Club-ch-D 2021"]
[Site "Online"]
[Date "2021.03.27"]
[Round "9.4"]
[White "Erdogmus, Yagiz Kaan"]
[Black "Samadov, Read"]
[Result "1/2-1/2"]
[ECO "B52"]
[WhiteElo "1955"]
[BlackElo "2332"]
[Annotator "NA"]
[PlyCount "144"]
[EventDate "2021.03.27"]
[EventType "team-tourn"]
[EventCountry "NET"]
[SourceTitle "playchess.com"]
[Source "ChessBase"]
[SourceQuality "1"]
[TimeControl "900+5"]

1. e4 c5 2. Nf3 d6 3. Bb5+ Bd7 4. Bxd7+ Qxd7 5. O-O Nc6 6. c3 Nf6 7. d4 Nxe4 8. d5 Ne5 9. Nxe5 dxe5 10. Re1 Nd6 11. Rxe5 g6 12. Bf4 Bg7 13. Re1 O-O 14. Nd2 Rad8 15. Qb3 Nf5 16. Nf3 Rfe8 17. Rad1 Nd6 18. Bxd6 exd6 19. a4 Kf8 20. Nd2 b6 21. Nc4 Rxe1+ 22. Rxe1 Qf5 23. a5 Qxd5 24. axb6 axb6 25. Qxb6 Bf6 26. Ne3 Qe6 27. Rd1 Kg7 28. h3 Bg5 29. b4 cxb4 30. cxb4 Rc8 31. Qd4+ Bf6 32. Qd5 Qe8 33. g3 Rb8 34. Qc4 Qa4 35. Rxd6 Rxb4 36. Qd3 Qa1+ 37. Kg2 Rd4 38. Rxd4 Bxd4 39. Nc4 Bf6 40. Nd6 Qe5 41. Ne4 Be7 42. Qf3 h5 43. h4 Qd4 44. Kf1 Qa1+ 45. Kg2 Qe5 46. Nd2 Bc5 47. Ne4 Be7 48. Qc3 Qxc3 49. Nxc3 Bf6 50. Ne4 Bd4 51. Kf3 Kf8 52. Ng5 Ke7 53. Nh3 Kf6 54. Ng5 Bb6 55. Ne4+ Ke5 56. Ng5 Kf6 57. Ne4+ Ke7 58. Nc3 Ke6 59. Ne4 f6 60. Nd2 Kf5 61. Kg2 Bd4 62. Kf3 g5 63. hxg5 fxg5 64. Kg2 Ba7 65. f3 Be3 66. Nc4 Bc5 67. Nd2 g4 68. fxg4+ Kxg4 69. Ne4 Bd4 70. Nf2+ Bxf2 71. Kxf2 h4 72. gxh4 Kxh4 1/2-1/2

[Event "European Online Club-ch-D 2021"]
[Site "Online"]
[Date "2021.03.27"]
[Round "9.5"]
[White "Straka, Vojtech"]
[Black "Bauer, Christian"]
[Result "0-1"]
[ECO "A27"]
[WhiteElo "2417"]
[BlackElo "2639"]
[Annotator "ChessBase"]
[PlyCount "76"]
[EventDate "2021.03.27"]
[EventType "team-tourn"]
[EventCountry "NET"]
[SourceTitle "playchess.com"]
[Source "ChessBase"]
[SourceQuality "1"]
[TimeControl "900+5"]

1. c4 e5 2. Nc3 Nc6 3. Nf3 f5 4. g3 Nf6 5. d4 e4 6. Nh4 g6 7. Bg5 Be7 8. e3 d6 9. Ng2 Ng4 10. Bxe7 Nxe7 11. Be2 Nf6 12. h4 c6 13. Nf4 a6 14. b4 Kf7 15. Qb3 h6 16. d5 Kg7 17. Rd1 a5 18. a3 axb4 19. axb4 cxd5 20. O-O dxc4 21. Qxc4 d5 22. Qb5 Qd7 23. Nfxd5 Qxb5 24. Bxb5 Nexd5 25. Nxd5 g5 26. hxg5 hxg5 27. Nb6 Ra2 28. Ra1 Rxa1 29. Rxa1 Be6 30. Ra7 Ng4 31. Rxb7+ Kf6 32. Rc7 Ne5 33. Be2 Rb8 34. Nc4 Bxc4 35. Bxc4 Nf3+ 36. Kf1 Rxb4 37. Rc6+ Ke7 38. Ke2 Rb1 0-1